 Dungeon Crawl Stone Soup version 0.27.0-1-g7a089689b8 (webtiles) character file.

Game seed: 7385816335401223998

21 lnt the Sneak (level 2, -4/20 (21) HPs)
             Began as an Octopode Delver on Aug 2, 2021.
             Slain by a necrophage (6 damage)
             ... on level 5 of the Dungeon.
             The game lasted 00:02:02 (36 turns).

lnt the Sneak (Octopode Delver)                       Turns: 36, Time: 00:02:03

HP:   -4/20 (21)    AC:  1    Str: 11    XL:     2   Next: 83%
MP:   2/2           EV: 13    Int: 12    God:
Gold: 0             SH:  0    Dex: 13    Spells: 1/1 levels left

rFire    . . .     SeeInvis .   a - +0 spear
rCold    . . .     Faith    .   (no shield)
rNeg     . . .     Spirit   .   (helmet restricted)
rPois    .         Reflect  .   (no amulet)
rElec    .         Harm     .   (no ring)
rCorr    .         Rampage  .   (no ring)
Will     .....                  (no ring)
Stlth    ++++......             (no ring)
HPRegen  0.06/turn              (no ring)
MPRegen  0.08/turn              (no ring)
                                (no ring)
                                (no ring)

@: lightly drained
A: almost no armour, amphibious, 8 rings, camouflage 1, gelatinous body 1,
(nimble swimmer 1), tentacles
a: no special abilities


You were on level 5 of the Dungeon.
You visited 1 branch of the dungeon, and saw 1 of its levels.

Inventory:

Hand Weapons
 a - a +0 spear (weapon)
Wands
 f - a wand of digging (3)
Scrolls
 b - a scroll of fog
 c - a scroll of magic mapping
 d - a scroll of fear
Potions
 e - a potion of haste


   Skills:
 + Level 3.3 Fighting
 - Level 2.0 Polearms
 + Level 2.4 Dodging
 + Level 7.0 Stealth


You had one spell level left.
You didn't know any spells.
Your spell library was empty.

Dungeon Overview and Level Annotations

Branches:
Dungeon (5/15)
 Temple: D:4-7

Altars:


Innate Abilities, Weirdness & Mutations

You cannot wear most types of armour.
You are amphibious.
You can wear up to eight rings at the same time.
Your skin changes colour to match your surroundings (Stealth+).
Your rubbery body absorbs attacks. (AC +1, EV +1)
((You are camouflaged near water. (Stealth+)))
You have tentacles for arms and can constrict up to eight enemies at once.


Message History

You closely miss the shadow imp. You grab the shadow imp.
You squeeze the shadow imp, but do no damage.
The shadow imp is heavily wounded.
You constrict the shadow imp. The shadow imp closely misses you.
You barely miss the shadow imp.
The shadow imp is severely wounded.
You constrict the shadow imp, but do no damage.
The shadow imp gestures at you. Pain shoots through your body!
You completely miss the shadow imp. Your squeeze misses the shadow imp.
The shadow imp is severely wounded.
You constrict the shadow imp. The shadow imp misses you.
You hit the shadow imp.
You kill the shadow imp!
You have reached level 2!
Press: ? - help, v - describe, . - travel
Here: a hound skeleton The floor.
You barely miss the hound skeleton. You grab the hound skeleton.
You constrict the hound skeleton. The hound skeleton misses you.
You hit the hound skeleton. You squeeze the hound skeleton!
The hound skeleton is severely damaged.
You constrict the hound skeleton. The hound skeleton closely misses you.
You hit the hound skeleton.
The hound skeleton is almost destroyed.
You constrict the hound skeleton.
You destroy the hound skeleton!
Your Stealth skill increases to level 7!
A necrophage comes into view.
An adder comes into view.
Found a scroll labelled NUZUQ ORAIG and 4 boomerangs.
There is an escape hatch in the ceiling here.
There are monsters nearby!
The necrophage hits you.
* * * LOW HITPOINT WARNING * * *
You feel drained.
* * * LOW HITPOINT WARNING * * *
There is an escape hatch in the ceiling here.
The necrophage hits you.
You die...

###. ........#
###..##....#....
#.....##...#....
#.............
##>..#.........
#...##.........
##..##.......!..
#
##..####..#......
....###..##
#.@#......
.........#
##n.......
#.......##
?$.......
#........
.........$
#####.....
##.........
####.#5
#......... .#..
(?.#.S.... ..
##..##.#.#.. ##


You could see a necrophage and an adder (asleep).

Vanquished Creatures
  A hound skeleton (D:5)
  A shadow imp (D:5)
2 creatures vanquished.

Notes
Turn   | Place    | Note
-------+----------+-------------------------------------------
     0 | D:5      | lnt the Octopode Delver began the quest for the Orb.
     0 | D:5      | Reached XP level 1. HP: 16/16 MP: 1/1
    26 | D:5      | Reached XP level 2. HP: 9/21 MP: 2/2
    29 | D:5      | Reached skill level 7 in Stealth
    29 | D:5      | Noticed a necrophage
    36 | D:5      | Slain by a necrophage

Illustrated notes

Levels and vault maps discovered:
D:5:      layout_cave_pools, minmay_temple_entry_crystal_x,
          gammafunk_ghost_grave, minmay_misc_feat_more_columns,
          uniq_prince_ribbit1, uniq_menkaure, uniq_pikel, uniq_grinder

Skill      XL: |  1  2 |
---------------+-------+-----
Stealth        | 7 |  7.0
Fighting       | |  3.3
Polearms       | |  2.0
Dodging        | |  2.4

Action                   || total
-------------------------++-------
Melee: Spear             ||    11
       Constrict         ||     2
       Tentacles         ||     2
 Stab: Distracted        ||     1
Dodge: Dodged            ||     6
